 Dungeon Crawl Stone Soup version 0.23.2 (webtiles) character file.

Game seed: 15119770802833117110

58 Gargoyl the Skirmisher (level 3, -1/46 HPs)
             Began as a Centaur Abyssal Knight on Apr 11, 2019.
             Was a Follower of Lugonu.
             Slain by an adder (4 damage)
             ... on level 2 of the Dungeon on Apr 12, 2019.
             The game lasted 00:04:43 (2350 turns).

Gargoyl the Skirmisher (Centaur Abyssal Knight)     Turns: 2350, Time: 00:04:43

Health: -1/46      AC:  9    Str: 18 (19) XL:     3   Next: 76%
Magic:  4/4        EV:  3    Int: 10 (11) God:    Lugonu [*.....]
Gold:   199        SH:  0    Dex:  8 (9)  Spells: 2/2 levels left

rFire    . . .     SeeInvis .   a - +1 hand axe
rCold    + . .     Gourm    .   (no shield)
rNeg     . . .     Faith    .   d - +1 plate armour {rC+}
rPois    .         Spirit   .   (no helmet)
rElec    .         Reflect  .   (no cloak)
rCorr    .         Harm     .   (no gloves)
MR       .....                  (no barding)
Stlth    ..........             (no amulet)
HPRegen  0.15/turn              (no ring)
MPRegen  0.09/turn              (no ring)

@: berserking (expiring), lethally poisoned (-1 -> -12), very quick
A: large, hooves 3, deformed body, speed 2, tough skin 3
a: Depart the Abyss, Renounce Religion


You were on level 2 of the Dungeon.
You worshipped Lugonu.
Lugonu was aware of your devotion.
You were not hungry.

You visited 1 branch of the dungeon, and saw 2 of its levels.
You visited the Abyss 1 time.

You collected 199 gold pieces.

Inventory:

Hand Weapons
 a - a +1 hand axe (weapon)
Armour
 b - a +0 leather armour
 d - a +1 plate armour of cold resistance (worn)
 i - a +0 pair of gloves
Jewellery
 k - an uncursed ring of protection from cold {unknown}
Wands
 l - a wand of acid (6)
Scrolls
 j - 3 scrolls of identify
Potions
 e - a potion of flight
 f - a potion of brilliance
Comestibles
 c - 7 rations


   Skills:
 + Level 3.4 Fighting
 + Level 2.1 Axes
 * Level 2.1 Armour
 * Level 1.0 Dodging
 * Level 2.4 Invocations


You had 2 spell levels left.
You didn't know any spells.
Your spell library was empty.

Dungeon Overview and Level Annotations

Branches:
Dungeon (2/15)

Altars:
Elyvilon


Innate Abilities, Weirdness & Mutations

You have hooves in place of feet.
Armour fits poorly on your strangely shaped body.
You cover ground very quickly.
You have extremely tough skin. (AC +3)


Message History

You feel sick. The adder bites you but does no damage.
You miss the adder.
The adder is heavily wounded.
* * * LOW HITPOINT WARNING * * *
You feel sick.
The adder bites you but does no damage. x2
You slash the adder!
You kill the adder!
Lugonu accepts your kill.
* * * LOW HITPOINT WARNING * * *
You feel sick.
Unknown command.
It was a potion of berserk rage.
A red film seems to cover your vision as you go berserk!
You feel yourself moving faster!
You feel mighty!
* * * LOW HITPOINT WARNING * * *
You feel sick.
The adder bites you but does no damage. x2
You feel a strong urge to attack something.
* * * LOW HITPOINT WARNING * * *
You feel sick. The adder bites you.
You die...

#.......
...:...## ##
#####...##
......>..
...##.....###
........#
#.....†...#
........#
####....#.###
........#
#....#....
........#
#..(#####.
........####
#..(# ## #gS@.#
###(#### ####.#
#..>.# #.#
####.# #.# #.###
#.# #...# #.####
###.. #....#
###. ##...# #...
#...#########...


You could see an adder and a hobgoblin.

Vanquished Creatures
  An adder (D:2)
  An ooze (D:1)
  2 worms (D:2)
  A leopard gecko (D:2)
  4 bats
  2 giant cockroaches (D:2)
  6 goblins
  5 hobgoblins
  4 jackals (D:2)
  A kobold (D:2)
  A ball python (D:1)
  4 frilled lizards
  4 rats (D:1)
36 creatures vanquished.

Vanquished Creatures (others)
  A goblin (D:2)
  A kobold (D:2)
2 creatures vanquished.

Grand Total: 38 creatures vanquished

Notes
Turn   | Place    | Note
-------+----------+-------------------------------------------
     0 | Abyss:1  | Gargoyl the Centaur Abyssal Knight began the quest for the
                  | Orb.
     0 | Abyss:1  | Reached XP level 1. HP: 19/19 MP: 2/2
     7 | Abyss:2  | Found a corrupted altar of Lugonu.
    62 | Abyss:3  | Noticed a spatial vortex
   104 | Abyss:4  | Noticed a raiju
   127 | Abyss:4  | Noticed a blink frog
   135 | Abyss:4  | Noticed a tentacled starspawn
   148 | Abyss:4  | Noticed a large abomination
   151 | D:1      | Escaped the Abyss
   487 | D:1      | Reached * piety under Lugonu
   506 | D:1      | Reached XP level 2. HP: 25/26 MP: 3/3
   666 | D:1      | Reached skill level 1 in Dodging
  1734 | D:2      | Reached XP level 3. HP: 31/31 MP: 4/4
  2291 | D:2      | Found a white marble altar of Elyvilon.
  2350 | D:2      | Slain by an adder

Skill      XL: |  1  2  3 |
---------------+----------+-----
Dodging        | 1 |  1.0
Axes           | 2 |  2.1
Armour         | 2 |  2.1
Fighting       | |  3.4
Invocations    | |  2.4

Action                   || total
-------------------------++-------
Melee: Hand axe          ||   141
       Kick              ||    13
Invok: Depart the Abyss  ||     1
  Use: Potion            ||     5
       Scroll            ||     4
  Eat: Chunk             ||     4
Armor: Plate armour      ||   166
Dodge: Dodged            ||     3
